 Dungeon Crawl Stone Soup version 0.26-a0-651-gb41185065b (webtiles) character file.

Game seed: 16787259271127200565

15489 Conn the Thaumaturge (level 12, -3/75 HPs)
             Began as an Octopode Hedge Wizard on Sept 30, 2020.
             Was a High Priest of Sif Muna.
             Slain by a porcupine (9 damage)
             ... on level 1 of the Lair of Beasts.
             The game lasted 01:14:45 (19120 turns).

Conn the Thaumaturge (Octopode Hedge Wizard)       Turns: 19120, Time: 01:14:48

Health: -3/75      AC:  2    Str:  9    XL:     12   Next: 27%
Magic:  11/24      EV: 16    Int: 29    God:    Sif Muna [*****.]
Gold:   852        SH:  0    Dex: 18    Spells: 1/27 levels left

rFire    + . .     SeeInvis +   a - +2 dagger (flame)
rCold    + . .     Faith    +   (no shield)
rNeg     . . .     Spirit   .   L - +1 hat
rPois    .         Reflect  .   K - amulet of faith
rElec    .         Harm     .   i - +6 ring of intelligence
rCorr    +         Rampage  .   m - ring of see invisible
MR       .....     Clarity  +   o - ring of protection from fire
Stlth    +++++.....             h - ring of resist corrosion (curse)
HPRegen  0.22/turn              j - +6 ring of dexterity
MPRegen  0.19/turn              (no ring)
                                (no ring)
                                (no ring)

@: no status effects
A: almost no armour, stealthy swim, amphibious, 8 rings, constrict 8, camouflage
1, blurry vision 1, clarity, clever 1, cold resistance 1, gelatinous body 1
a: Channel Magic, Forget Spell, Divine Exegesis, Renounce Religion


You were on level 1 of the Lair of Beasts.
You worshipped Sif Muna.
Sif Muna was extremely pleased with you.
You visited 2 branches of the dungeon, and saw 12 of its levels.

You collected 852 gold pieces.

Inventory:

Hand Weapons
 a - a +2 dagger of flaming (weapon)
 b - the +8 scimitar of Death's Door {drain, rC- Dex+6}
   (You found it on level 7 of the Dungeon)

   A truly terrible weapon, it drains the life of those it strikes.
   It affects your dexterity (+6).
   It makes you vulnerable to cold.
 c - a +4 dagger of venom
 H - a +5 halberd of freezing
Missiles
 g - 51 poisoned darts
 s - 6 curare-tipped darts (quivered)
 I - 6 atropa-tipped darts
Armour
 L - a +1 hat (worn)
Magical Staves
 k - an uncursed staff of poison
 q - an uncursed staff of cold
Jewellery
 h - a cursed ring of resist corrosion (on tentacle)
 i - a +6 ring of intelligence (left tentacle)
 j - a +6 ring of dexterity (on tentacle)
 m - a ring of see invisible (right tentacle)
 o - a ring of protection from fire (on tentacle)
 K - an amulet of faith (around mantle)
Wands
 v - a wand of flame (11)
 y - a wand of acid (6)
Scrolls
 d - 3 scrolls of remove curse
 e - a scroll of enchant weapon
 f - 9 scrolls of identify
 l - a scroll of vulnerability {unknown}
 n - 4 scrolls of teleportation
 p - 4 scrolls of magic mapping
 r - a scroll of immolation
 t - 4 scrolls of amnesia
 w - 4 scrolls of fog
Potions
 x - a potion of flight
 A - 4 potions of brilliance
Miscellaneous
 u - a phial of floods (inert)


   Skills:
 + Level 4.7 Fighting
 + Level 3.9(5.3) Short Blades
 + Level 5.5(6.1) Long Blades
 + Level 0.7 Polearms
 + Level 0.5 Throwing
 + Level 4.7 Dodging
 - Level 7.4 Stealth
 * Level 8.4 Spellcasting
 * Level 7.3 Conjurations
 + Level 0.2 Hexes
 + Level 3.1 Summonings
 - Level 5.0 Translocations
 * Level 7.2 Fire Magic
 + Level 4.4 Ice Magic
 + Level 2.3 Air Magic
 + Level 3.0 Poison Magic
 - Level 4.2 Invocations
 + Level 1.6 Evocations


You had one spell level left.
You knew the following spells:

 Your Spells              Type           Power        Failure   Level
a - Magic Dart            Conj           ####         1%          1
b - Blink                 Tloc           N/A          1%          2
c - Call Imp              Summ           ####....     1%          2
d - Conjure Flame         Conj/Fire      ######..     1%          3
e - Freeze                Ice            ####         1%          1
f - Mephitic Cloud        Conj/Pois/Air  #####...     2%          3
g - Ozocubu's Armour      Ice            #####...     2%          3
h - Frozen Ramparts       Ice            #####.       2%          3
i - Sticky Flame          Conj/Fire      ######..     2%          4
j - Slow                  Hex            ##......     6%          2
k - Searing Ray           Conj           ######       1%          2

Your spell library contained the following spells:

 Spells                   Type           Power        Failure   Level
 Foxfire                  Conj/Fire      ####         1%          1
 Shock                    Conj/Air       ####         1%          1
 Corona                   Hex            ##.....      4%          1
 Static Discharge         Conj/Air       #####...     1%          3
 Ensorcelled Hibernation  Hex/Ice        ####..       2%          2
 Poisonous Vapours        Pois/Air       ####..       2%          2
 Dazzling Flash           Conj/Hex       ####..       2%          3
 Inner Flame              Hex/Fire       ####....     2%          3
 Hailstorm                Conj/Ice       #####...     4%          4
 Iskenderun's Battlesphe  Conj           ######..     6%          5
 Summon Ice Beast         Ice/Summ       ####....     9%          4
 Confusing Touch          Hex            ##......     12%         3
 Tukima's Dance           Hex            ##......     12%         3
 Airstrike                Air            ####......   16%         4
 Lightning Bolt           Conj/Air       #####.....   17%         5
 Starburst                Conj/Fire      ######....   34%         6
 Silence                  Hex/Air        ###.......   56%         5


Dungeon Overview and Level Annotations

Branches:
Dungeon (11/15)            Temple (0/1) D:6            Lair (1/6) D:9
    Orc (0/2) D:11

Altars:
Dithmenos
Elyvilon
Fedhas
Gozag
Qazlal
Ru
Sif Muna
Zin
The Shining One
Beogh


Innate Abilities, Weirdness & Mutations

You cannot wear most types of armour.
You are very stealthy in the water. (Stealth+)
You are amphibious.
You can wear up to eight rings at the same time.
You can use your tentacles to constrict eight enemies at once.
Your skin changes colour to match your surroundings (Stealth+).
Your rubbery body absorbs attacks. (AC +1, EV +1)
Scrolls take you a little longer to read.
You possess an exceptional clarity of mind.
Your mind is acute. (Int +2)
Your flesh is cold resistant. (rC+)


Message History

The wyvern is engulfed in noxious fumes.
The wyvern appears confused.
The wyvern bites the bullfrog!!
The bullfrog is killed!
Sif Muna accepts your kill.
The wyvern bites itself.
The porcupine bites you!
* * * LOW HITPOINT WARNING * * *
Unknown command.
Unknown command.
Press: ? - help, v - describe, . - travel
Here: a porcupine (almost dead)
The floor.
Casting: Mephitic Cloud (mildly dangerous; 2% risk of failure)
Confirm with . or Enter, or press ? or * to list all spells.
Aiming: Searing Ray (safe; 1% risk of failure)
Press: ? - help, Shift-Dir - straight line, f - porcupine
Aim: a porcupine (almost dead)
The searing ray misses the porcupine. (Press . to maintain the ray.)
The porcupine bites you!
You die...

###.######.##
##...........#
#............# ##
#.........(.#
##.#####.#.###.###.#
#......#...<#### #.#
.............# #.# ##
.......##...## #)##.###..
....... #.@†# #.........
.t.....##○†r### #.........
........#l..#.####.........
.......†○.§....##..........
.......#............#.###..
.......#...........#..P# #
.......#...##...#..#..##
##...###...#........P.#
>.... #...#..........#


You could see a wyvern (confused) and a porcupine.

Vanquished Creatures
  Fannar (D:10)
  3 two-headed ogres
  Sonja (D:10)
  Nergalle (D:10)
  2 unseen horrors
  An ugly thing (D:11)
  2 manticores (D:11)
  A black mamba (Lair:1)
  A hornet (D:10)
  2 hippogriffs
  A wraith (D:11)
  A vampire (D:10)
  A shadow (D:10)
  4 yaks (D:9)
  A wyvern (D:9)
  A steam dragon (D:11)
  A water moccasin (Lair:1)
  A porcupine (D:9)
  Duvessa (D:7)
  2 sky beasts
  4 black bears
  3 ice beasts
  7 orc warriors
  5 necrophages (D:8)
  4 ogres
  2 phantoms
  8 centaurs
  2 crocodiles
  10 bullfrogs
  A water moccasin zombie (D:5)
  A wyvern skeleton (D:11)
  A scorpion (D:5)
  Dowan (D:7)
  9 killer bees
  18 wights
  4 howler monkeys
  5 bullfrog zombies
  A quasit (D:10)
  7 jellies
  7 orc priests
  Crazy Yiuf (D:3)
  2 bullfrog skeletons
  4 hounds
  12 orc wizards
  Jessica (D:3)
  4 centaur skeletons
  3 iguanas
  9 worker ants
  A killer bee zombie (D:8)
  A hound zombie (D:8)
  2 hound skeletons
  4 mummies (D:8)
  3 worker ant zombies
  A howler monkey zombie (D:8)
  2 gnolls (D:5)
  13 adders
  3 shadow imps
  3 white imps
  3 ufetubi
  2 oozes (D:2)
  3 adder skeletons
  An adder zombie (D:8)
  A worm (D:3)
  3 dart slugs
  4 leopard geckos
  51 orcs
  7 giant cockroaches
  10 hobgoblins
  12 jackals
  4 quokkas
  4 ball pythons
  7 bats
  5 frilled lizards
  6 goblins
  A jackal skeleton (D:5)
  2 jackal zombies (D:8)
  3 kobolds
  4 leopard gecko skeletons
  A quokka skeleton (D:9)
  8 rats
340 creatures vanquished.

Vanquished Creatures (collateral kills)
  A scorpion (D:5)
  A killer bee (D:9)
  A wight (D:6)
  A worker ant (D:4)
  7 gnolls
  An adder (D:4)
  An ooze (D:2)
  An orc (D:6)
  A hobgoblin (D:2)
  A kobold (D:2)
  A leopard gecko zombie (D:5)
  A quokka skeleton (D:5)
18 creatures vanquished.

Vanquished Creatures (others)
  6 fungi (D:9)
  11 plants
  11 withered plants (D:8)
28 creatures vanquished.

Grand Total: 386 creatures vanquished

Notes
Turn   | Place    | Note
-------+----------+-------------------------------------------
     0 | D:1      | Conn the Octopode Hedge Wizard began the quest for the Orb.
     0 | D:1      | Reached XP level 1. HP: 11/11 MP: 4/4
   367 | D:1      | Reached XP level 2. HP: 17/17 MP: 6/6
  1164 | D:2      | Reached XP level 3. HP: 18/21 MP: 5/8
  1314 | D:2      | Found a shimmering blue altar of Sif Muna.
  1317 | D:2      | Became a worshipper of Sif Muna the Loreminder
  1453 | D:2      | Found a shadowy altar of Dithmenos.
  1459 | D:2      | Learned a level 2 spell: Blink
  1462 | D:2      | Learned a level 2 spell: Call Imp
  1466 | D:2      | Learned a level 3 spell: Conjure Flame
  1877 | D:2      | Reached XP level 4. HP: 26/27 MP: 9/9
  2154 | D:2      | Found a blossoming altar of Fedhas.
  2460 | D:1      | Learned a level 1 spell: Freeze
  2569 | D:2      | Found a glowing golden altar of the Shining One.
  2577 | D:2      | Reached * piety under Sif Muna
  2979 | D:3      | Noticed Jessica
  2984 | D:3      | Killed Jessica
  2984 | D:3      | Reached XP level 5. HP: 31/31 MP: 10/10
  3290 | D:3      | Found a runed translucent door.
  3291 | D:3      | Noticed Crazy Yiuf
  3332 | D:3      | Killed Crazy Yiuf
  3332 | D:3      | Reached skill level 1 in Invocations
  4272 | D:4      | Reached skill level 4 in Spellcasting
  4354 | D:4      | Reached skill level 1 in Short Blades
  4354 | D:4      | Reached skill level 1 in Fire Magic
  4354 | D:4      | Reached XP level 6. HP: 12/36 MP: 12/12
  4634 | D:4      | Found a stormy altar of Qazlal.
  4680 | D:4      | Reached skill level 1 in Ice Magic
  5121 | D:4      | Reached ** piety under Sif Muna
  5388 | D:5      | Entered Level 5 of the Dungeon
  5504 | D:5      | Reached XP level 7. HP: 30/42 MP: 7/13
  5826 | D:5      | Reached skill level 1 in Fighting
  6406 | D:5      | Found a white marble altar of Elyvilon.
  6688 | D:5      | Found a sacrificial altar of Ru.
  7420 | D:6      | Learned a level 3 spell: Mephitic Cloud
  7424 | D:6      | Learned a level 3 spell: Ozocubu's Armour
  7537 | D:6      | Reached skill level 5 in Stealth
  7537 | D:6      | Reached XP level 8. HP: 48/48 MP: 15/15
  7726 | D:6      | Reached skill level 5 in Spellcasting
  8212 | D:6      | Reached *** piety under Sif Muna
  8533 | D:6      | Found a staircase to the Ecumenical Temple.
  8679 | D:6      | Found an opulent altar of Gozag.
  8931 | D:7      | Reached XP level 9. HP: 46/54 MP: 12/17
  9219 | D:7      | Got an iridescent scimitar
  9220 | D:7      | Identified the +8 scimitar of Death's Door {drain, rC-
                  | Dex+6} (You found it on level 7 of the Dungeon)
  9717 | D:8      | Reached skill level 1 in Air Magic
 10003 | D:8      | Reached skill level 1 in Poison Magic
 10081 | D:8      | Noticed a two-headed ogre
 10176 | D:7      | Noticed Duvessa
 10181 | D:7      | Noticed Dowan
 10190 | D:7      | Killed Dowan
 10205 | D:7      | Killed Duvessa
 10224 | D:7      | Reached **** piety under Sif Muna
 10360 | D:6      | Learned a level 3 spell: Frozen Ramparts
 10559 | D:7      | Reached skill level 6 in Spellcasting
 11262 | D:7      | Found a glowing silver altar of Zin.
 11445 | D:8      | Killed a two-headed ogre
 11445 | D:8      | Reached skill level 1 in Long Blades
 11445 | D:8      | Reached skill level 5 in Conjurations
 11445 | D:8      | Reached XP level 10. HP: 20/61 MP: 6/19
 12150 | D:8      | Reached skill level 5 in Translocations
 12442 | D:9      | Reached ***** piety under Sif Muna
 12442 | D:9      | Identified Wauniett's Almanac of Conjuration (Sif Muna
                  | gifted it to you on level 9 of the Dungeon)
 12442 | D:9      | Received a gift from Sif Muna
 12452 | D:9      | Identified Sif Muna's Grimoire of Feathers and the Blaze
 12460 | D:9      | Learned a level 4 spell: Sticky Flame
 12531 | D:10     | Entered Level 10 of the Dungeon
 12899 | D:10     | Noticed Nergalle
 12902 | D:10     | Noticed an unseen horror
 12911 | D:10     | Killed an unseen horror
 13166 | D:10     | Noticed Fannar
 13171 | D:10     | HP: 3/63 [Fannar/bolt of cold (60)]
 13197 | D:10     | Gained mutation: Your mind is acute. (Int +2) [potion of
                  | mutation]
 13197 | D:10     | Gained mutation: You possess an exceptional clarity of
                  | mind. [potion of mutation]
 13197 | D:10     | Gained mutation: Scrolls take you a little longer to read.
                  | [potion of mutation]
 13197 | D:10     | Gained mutation: Your flesh is cold resistant. (rC+)
                  | [potion of mutation]
 13206 | D:10     | Killed Fannar
 13206 | D:10     | Reached skill level 7 in Spellcasting
 13206 | D:10     | Reached skill level 1 in Evocations
 13206 | D:10     | Reached XP level 11. HP: 19/68 MP: 21/21
 13295 | D:10     | Noticed Sonja
 13311 | D:10     | Killed Sonja
 13311 | D:10     | Reached skill level 5 in Fire Magic
 13707 | D:10     | Noticed a two-headed ogre
 13728 | D:10     | Killed a two-headed ogre
 14100 | D:10     | Killed Nergalle
 15908 | D:9      | Found a shadowy altar of Dithmenos.
 16081 | D:9      | Found a staircase to the Lair.
 16654 | D:10     | Learned a level 2 spell: Slow
 17277 | D:11     | Noticed a manticore
 17412 | D:11     | Noticed a two-headed ogre
 17424 | D:11     | Killed a two-headed ogre
 17424 | D:11     | Reached skill level 8 in Spellcasting
 17425 | D:11     | Noticed a green ugly thing
 17448 | D:11     | Killed a green ugly thing
 17455 | D:11     | Killed a manticore
 17605 | D:11     | Reached skill level 5 in Long Blades
 17614 | D:11     | Reached XP level 12. HP: 74/74 MP: 24/24
 17735 | D:11     | Identified Sif Muna's Disquisition on Gliding Conjuration
                  | (Sif Muna gifted it to you on level 11 of the Dungeon)
 17735 | D:11     | Received a gift from Sif Muna
 17760 | D:11     | Learned a level 2 spell: Searing Ray
 17991 | D:11     | Found a roughly hewn altar of Beogh.
 17999 | D:11     | Found a staircase to the Orcish Mines.
 18954 | Lair:1   | Entered Level 1 of the Lair of Beasts
 19120 | Lair:1   | Slain by a porcupine

Illustrated notes

Levels and vault maps discovered:
D:1:      dpeg_arrival_rooms_b, layout_basic, hangedman_abyss_or_decor_stabs
D:2:      layout_loops_ring, lemuel_blue_sif_altar, fedhas_altar_3,
          nicolae_tso_swordbearing_angel,
          nicolae_dithmenos_through_a_glass_darkly
D:3:      layout_basic, uniq_crazy_yiuf_cottage, uniq_jessica
D:4:      layout_loops_corners, lemuel_coloured_pillars_altar, minmay_pentangle
D:5:      cheibrodos_helix_gallery, layout_basic,
          nicolae_ru_sacrificial_ziggurat, lemuel_crystal_altar
D:6:      layout_gridville, kennysheep_mini, minmay_temple_entry_hall
D:7:      layout_cave_pools, zin_statuary, uniq_duvessa
D:8:      layout_basic, serial_undead, serial_undead_d, serial_undead_c,
          serial_undead_a, serial_undead_c, serial_undead_d, serial_undead_a,
          serial_undead_e, serial_undead_b, serial_undead_c, serial_undead_e
D:9:      layout_cave_pools, nicolae_overflow_hidden_temple,
          grunt_lair_entry_orc_guard_hut, serial_column_ruins,
          column_ruins_hut_pillars, column_ruins_columns_straight,
          column_ruins_grid_1, column_ruins_columns_corner,
          column_ruins_open_small, column_ruins_open_small, st_stairs_1
D:10:     layout_cave_pods, minmay_alternating_orb, uniq_sonja, uniq_fannar,
          uniq_nergalle
D:11:     layout_basic, david_orc_5, kennysheep_nub, minmay_strange_pillars,
          nicolae_straight_to_the_point
Lair:1:   cheibrodos_lair_river_kwai, layout_gridlike, gammafunk_ghost_split

Skill      XL: |  1  2  3  4  5  6  7  8  9 10 11 12 |
---------------+-------------------------------------+-----
Stealth        | 3 4 5 6 7 |  7.4
Invocations    | 1 2 3 4 |  4.2
Spellcasting   | 4 5 6 7 8 |  8.4
Short Blades   | 1 2 3 |  3.9
Conjurations   | 2 3 5 7 |  7.3
Fire Magic     | 1 2 3 4 6 7 |  7.2
Ice Magic      | 1 3 4 |  4.4
Fighting       | 1 2 3 4 |  4.7
Dodging        | 3 4 |  4.7
Summonings     | 2 3 |  3.1
Translocations | 3 4 5 |  5.0
Air Magic      | 1 2 |  2.3
Poison Magic   | 1 2 3 |  3.0
Long Blades    | 1 3 5 |  5.5
Evocations     | 1 |  1.6
Polearms       | |  0.7
Throwing       | |  0.5
Hexes          | |  0.2

Action                   |  1- 3 |  4- 6 |  7- 9 | 10-12 || total
-------------------------+-------+-------+-------+-------++-------
Melee: Dagger            |    51 |   112 |   273 |   158 ||   594
       Constrict         |    10 |    20 |    57 |    66 ||   153
       Tentacles         |     6 |    15 |    43 |    72 ||   136
       Scimitar          |       |       |    18 |   175 ||   193
       Halberd           |       |       |       |     6 ||     6
Throw: Dart              |       |     3 |     3 |     8 ||    14
 Cast: Magic Dart        |    16 |    21 |   109 |    56 ||   202
       Call Imp          |     9 |    10 |    26 |     4 ||    49
       Blink             |       |     3 |    12 |    26 ||    41
       Freeze            |       |     1 |    11 |       ||    12
       Conjure Flame     |       |     1 |     1 |     1 ||     3
       Mephitic Cloud    |       |       |    23 |    57 ||    80
       Ozocubu's Armour  |       |       |     3 |     3 ||     6
       Frozen Ramparts   |       |       |     1 |    12 ||    13
       Slow              |       |       |       |     2 ||     2
       Searing Ray       |       |       |       |     4 ||     4
Invok: Channel Magic     |       |       |       |     3 ||     3
Evoke: Wand              |       |       |    13 |    12 ||    25
       Phial of floods   |       |       |       |     1 ||     1
  Use: Potion            |       |     1 |     6 |    19 ||    26
       Scroll            |       |       |    12 |     4 ||    16
 Stab: Sleeping          |     9 |    16 |    12 |    14 ||    51
       Distracted        |     1 |       |       |     1 ||     2
       Confused          |       |       |    10 |    21 ||    31
       Paralysed         |       |       |     3 |     4 ||     7
Armor: Skin              |     3 |     7 |    18 |    95 ||   123
Dodge: Dodged            |    36 |    63 |   206 |   237 ||   542
       Rpst.: Scimitar   |       |       |     1 |    45 ||    46

Table legend: (Time is in decaauts)
 A = Elapsed time spent in this place.
 B = Non-inter-level travel time spent in this place.
 C = Inter-level travel time spent in this place.
 D = Time resting spent in this place.
 E = Time spent auto-exploring this place.
 F = Levels seen in this place.
 G = Mean time per level.
                   A        B        C        D        E       F      G
               +--------+--------+--------+--------+--------+-----+--------+
         Total |  19027 |  18556 |    471 |   6575 |   7724 |  12 | 1585.6 |
       Dungeon |  18865 |  18395 |    470 |   6477 |   7707 |  11 | 1715.0 |
          Lair |    162 |    162 |      0 |     98 |     17 |   1 |  162.0 |
               +--------+--------+--------+--------+--------+-----+--------+

Top non-repeatable levels by time:
    D:10: 3540 daAuts
     D:6: 1903 daAuts
     D:5: 1812 daAuts
     D:8: 1742 daAuts
    D:11: 1672 daAuts
     D:4: 1439 daAuts
     D:1: 1436 daAuts
     D:3: 1368 daAuts
     D:2: 1332 daAuts
     D:7: 1316 daAuts
     D:9: 1301 daAuts
  Lair:1: 162 daAuts
